 Dungeon Crawl Stone Soup version 0.28.0-49-g6dfe1f597d (webtiles) character file.

Game seed: 15835556547215493555

36 Atelerd the Sneak (level 3, -2/21 HPs)
             Began as an Octopode Earth Elementalist on May 15, 2022.
             Killed from afar by Natasha (6 damage)
             ... with a magic dart
             ... on level 2 of the Dungeon.
             The game lasted 00:01:18 (1802 turns).

Atelerd the Sneak (Octopode Earth Elementalist)     Turns: 1802, Time: 00:01:19

Health: -2/21      AC:  1    Str:  7    XL:     3   Next: 37%
Magic:  3/6        EV: 13    Int: 19    God:
Gold:   35         SH:  0    Dex: 12    Spells: 5/6 levels left

rFire   . . .      SeeInvis .   f - +0 dagger
rCold   . . .      Faith    .   (no shield)
rNeg    . . .      Spirit   .   (helmet restricted)
rPois   .          Reflect  .   (no amulet)
rElec   .          Harm     .   (no ring)
rCorr   .          Rampage  .   (no ring)
Will    .....                   (no ring)
Stlth   +++.......              (no ring)
HPRegen 0.07/turn               (no ring)
MPRegen 0.10/turn               (no ring)
                                (no ring)
                                (no ring)

@: slowed, very slow
A: almost no armour, amphibious, 8 rings, camouflage 1, gelatinous body 1,
(nimble swimmer 1), tentacles
a: no special abilities


You were on level 2 of the Dungeon.
You visited 1 branch of the dungeon, and saw 2 of its levels.

You collected 35 gold pieces.

Inventory:

Hand Weapons
 f - a +0 dagger (weapon)
Missiles
 b - 22 stones
Scrolls
 a - a scroll of vulnerability {unknown}
 c - 2 scrolls of amnesia {unknown}
 d - a scroll of teleportation {unknown}
Potions
 e - a potion of heal wounds {unknown}
 g - a potion of ambrosia {unknown}


   Skills:
 - Level 2.0 Dodging
 + Level 3.4 Stealth
 + Level 2.4 Spellcasting
 + Level 1.8 Transmutations
 + Level 3.3 Earth Magic


You had 5 spell levels left.
You knew the following spells:

 Your Spells              Type           Power      Damage    Failure   Level
a - Sandblast             Erth           30%        2d9       4%          1

Your spell library contained the following spells:

 Spells                   Type           Power      Damage    Failure   Level
 Passwall                 Tmut/Erth      10%        N/A       9%          2
 Stone Arrow              Conj/Erth      16%        3d8       24%         3
 Petrify                  Tmut/Erth      12%        N/A       50%         4


Dungeon Overview and Level Annotations

Branches:
Dungeon (2/15)

Altars:

Annotations:
D:1 exclusion: downstairs
D:2 Natasha


Innate Abilities, Weirdness & Mutations

You cannot wear most types of armour.
You are amphibious.
You can wear up to eight rings at the same time.
Your skin changes colour to match your surroundings (Stealth+).
Your rubbery body absorbs attacks. (AC +1, EV +1)
((You are camouflaged when in or above water. (Stealth+)))
You have tentacles for arms and can constrict up to eight enemies at once.


Message History

Natasha hisses angrily.
Natasha mumbles some strange words.
You barely miss the white imp. You grab the white imp.
You constrict the white imp, but do no damage.
The white imp hits you. The white imp freezes you.
You hit Natasha. Your grab misses Natasha.
Natasha is lightly wounded.
You constrict the white imp, but do no damage.
Natasha misses you. The white imp closely misses you.
Casting: Sandblast (safe; 4% risk of failure)
Confirm with . or Enter, or press ? or * to list all spells.
Aiming: Sandblast (safe; 4% risk of failure)
Press: ? - help, Shift-Dir - straight line, f - Natasha
Aim: Natasha (lightly wounded, 74% to hit)
The blast of sand misses Natasha.
You constrict the white imp, but do no damage.
Natasha stares at you and mumbles some strange words.
You feel yourself slow down. The white imp completely misses you.
Casting: Sandblast (safe; 4% risk of failure)
Confirm with . or Enter, or press ? or * to list all spells.
Aiming: Sandblast (safe; 4% risk of failure)
Press: ? - help, Shift-Dir - straight line, f/p - Natasha
Aim: Natasha (lightly wounded, 74% to hit)
The blast of sand hits Natasha!
Natasha is heavily wounded.
You constrict the white imp, but do no damage.
Natasha claws you. The white imp closely misses you.
Casting: Sandblast (safe; 4% risk of failure)
Confirm with . or Enter, or press ? or * to list all spells.
Aiming: Sandblast (safe; 4% risk of failure)
Press: ? - help, Shift-Dir - straight line, f/p - Natasha
Aim: Natasha (heavily wounded, 74% to hit)
The blast of sand hits Natasha.
Natasha is almost dead.
You constrict the white imp.
Natasha drinks a potion.
Natasha is healed!
The white imp hits you. The white imp freezes you.
* * * LOW HITPOINT WARNING * * *
Natasha stares at you and mumbles some strange words.
The magic dart hits you.
You die...

#.. #.. #..
#.. #..###
#.... #..h#
#.5@# #...#
#
#...####.##
#..........
#........##
###.######
#.# #.# #.#


You could see Natasha and a white imp (summoned).

Vanquished Creatures
  2 dart slugs (D:1)
  3 endoplasms (D:1)
  3 giant cockroaches (D:1)
  2 goblins
  A hobgoblin (D:1)
  4 kobolds (D:1)
  2 quokkas
  4 ball pythons (D:1)
  3 bats (D:1)
  6 rats
30 creatures vanquished.

Notes
Turn   | Place    | Note
-------+----------+-------------------------------------------
     0 | D:1      | Atelerd the Octopode Earth Elementalist began the quest for
                  | the Orb.
     0 | D:1      | Reached XP level 1. HP: 11/11 MP: 3/3
   488 | D:1      | Reached XP level 2. HP: 11/17 MP: 1/5
  1426 | D:1      | Reached XP level 3. HP: 21/21 MP: 4/6
  1793 | D:2      | Noticed Natasha
  1802 | D:2      | Killed from afar by Natasha

Illustrated notes

Levels and vault maps discovered:
D:1:      mrwooster_arrival_statue_2, layout_rooms
D:2:      layout_loops_ring, uniq_natasha

Skill      XL: |  1  2 |
---------------+-------+-----
Stealth        | 3 |  3.4
Dodging        | |  2.0
Spellcasting   | |  2.4
Transmutations | |  1.8
Earth Magic    | |  3.3

Action                   || total
-------------------------++-------
Melee: Unarmed           ||     6
       Constrict         ||     5
       Dagger            ||    11
       Tentacles         ||     1
 Cast: Sandblast         ||    35
 Stab: Sleeping          ||     4
Armor: Skin              ||     1
Dodge: Dodged            ||    14
